 Dungeon Crawl Stone Soup version 0.26.1-2-gb8aa6d0cf2 (webtiles) character file.

Game seed: 16009490630193714739

104 promet the Sneak (level 4, 0/30 HPs)
             Began as an Octopode Brigand on Feb 11, 2021.
             Succumbed to an adder's poison
             ... on level 2 of the Dungeon.
             The game lasted 00:11:32 (2851 turns).

promet the Sneak (Octopode Brigand)                 Turns: 2851, Time: 00:11:33

Health: 0/30       AC:  1    Str:  7 (10) XL:     4   Next: 80%
Magic:  4/4        EV: 13    Int: 12 (13) God:
Gold:   87         SH:  0    Dex: 14      Spells: 3/3 levels left

rFire    . . .     SeeInvis .   d - +1 short sword
rCold    . . .     Faith    .   (no shield)
rNeg     . . .     Spirit   .   (helmet restricted)
rPois    .         Reflect  .   j - amulet of magic regeneration
rElec    .         Harm     .   (no ring)
rCorr    .         Rampage  .   (no ring)
Will     .....                  (no ring)
Stlth    ++++......             (no ring)
HPRegen  0.10/turn              (no ring)
MPRegen  0.34/turn              (no ring)
                                (no ring)
                                (no ring)

@: lethally poisoned (0 -> -8)
A: almost no armour, stealthy swim, amphibious, 8 rings, constrict 8, camouflage
1, gelatinous body 1
a: no special abilities


You were on level 2 of the Dungeon.
You visited 1 branch of the dungeon, and saw 3 of its levels.

You collected 87 gold pieces.

Inventory:

Hand Weapons
 a - a +2 dagger
 d - a +1 short sword (weapon)
Missiles
 b - 12 poisoned darts (quivered)
 c - 2 curare-tipped darts
 e - 8 javelins
 f - 147 stones
 g - 40 sling bullets
 k - 11 bolts
 m - 9 boomerangs
Jewellery
 j - an amulet of magic regeneration (around mantle)
Scrolls
 h - a scroll of remove curse
 i - 2 scrolls of identify
 l - a scroll of immolation {unknown}


   Skills:
 * Level 2.4 Fighting
 + Level 2.4 Short Blades
 + Level 3.0 Throwing
 + Level 1.4 Dodging
 + Level 6.7 Stealth


You had 3 spell levels left.
You didn't know any spells.
Your spell library was empty.

Dungeon Overview and Level Annotations

Branches:
Dungeon (3/15)

Altars:
Gozag


Innate Abilities, Weirdness & Mutations

You cannot wear most types of armour.
You are very stealthy in the water. (Stealth+)
You are amphibious.
You can wear up to eight rings at the same time.
You can use your tentacles to constrict eight enemies at once.
Your skin changes colour to match your surroundings (Stealth+).
Your rubbery body absorbs attacks. (AC +1, EV +1)


Message History

* * * LOW HITPOINT WARNING * * *
You feel sick.
You feel your intelligence returning.
* * * LOW HITPOINT WARNING * * *
You feel sick.
* * * LOW HITPOINT WARNING * * *
You feel sick.
* * * LOW HITPOINT WARNING * * *
You feel sick.
* * * LOW HITPOINT WARNING * * *
You feel sick.
* * * LOW HITPOINT WARNING * * *
You feel sick.
* * * LOW HITPOINT WARNING * * *
You feel sick.
* * * LOW HITPOINT WARNING * * *
You feel sick.
* * * LOW HITPOINT WARNING * * *
You feel sick.
You die...

########### #.........#
#####.#######.#
#...#@##### #.#
############.........###.#
#..............#.........#
..#####)..######.###.##..#
### #.....# #.........#
##...## #.###....## ##.##
#.# #....# #.# #.####...#
#.# #......†.#


There were no monsters in sight!

Vanquished Creatures
  5 adders (D:2)
  An ooze (D:2)
  3 worms (D:2)
  2 dart slugs (D:2)
  2 leopard geckos (D:2)
  A giant cockroach (D:1)
  4 goblins
  5 hobgoblins
  4 jackals (D:2)
  7 kobolds
  3 bats
  2 frilled lizards
  4 rats
43 creatures vanquished.

Notes
Turn   | Place    | Note
-------+----------+-------------------------------------------
     0 | D:1      | promet the Octopode Brigand began the quest for the Orb.
     0 | D:1      | Reached XP level 1. HP: 14/14 MP: 1/1
   313 | D:1      | Reached XP level 2. HP: 19/19 MP: 2/2
  1476 | D:2      | Reached skill level 6 in Stealth
  1487 | D:2      | Reached XP level 3. HP: 24/24 MP: 3/3
  1871 | D:2      | Reached XP level 4. HP: 22/29 MP: 4/4
  2501 | D:2      | Found an opulent altar of Gozag.
  2848 | D:2      | HP: 1/30 [poisoned by an adder]
  2851 | D:2      | Succumbed to an adder's poison

Illustrated notes

Levels and vault maps discovered:
D:1:      amcnicky_arrival_wind_blow, layout_basic
D:2:      layout_loops_corners, nicolae_gozag_cash_rules_everything_around_me
D:3:      layout_basic, nicolae_qazlal_general_emergency,
          nicolae_overflow_hidden_temple, uniq_ijyb

Skill      XL: |  1  2  3  4 |
---------------+-------------+-----
Stealth        | 6 |  6.7
Throwing       | 3 |  3.0
Fighting       | |  2.4
Short Blades   | |  2.4
Dodging        | |  1.4

Action                   |  1- 3 |  4- 6 || total
-------------------------+-------+-------++-------
Melee: Short sword       |    54 |    24 ||    78
       Constrict         |    10 |     4 ||    14
       Tentacles         |     4 |       ||     4
       Dagger            |     1 |       ||     1
Throw: Dart              |    27 |    19 ||    46
  Use: Scroll            |     5 |       ||     5
       Potion            |     5 |       ||     5
 Stab: Sleeping          |     6 |     7 ||    13
Armor: Skin              |     3 |       ||     3
Dodge: Dodged            |    32 |     7 ||    39
